 Dungeon Crawl Stone Soup version 0.32-a0-872-g59262bdc9b (webtiles) character file.

Game seed: 5275887963509271838

4 NateTC the Trooper (level 1, 0/14 HPs)
             Began as a Gargoyle Cinder Acolyte on Mar 30, 2024.
             Was a High Priest of Ignis.
             Constricted to death by a ball python (2 damage)
             ... on level 1 of the Dungeon.
             The game lasted 00:00:37 (53 turns).

NateTC the Trooper (Gargoyle Cinder Acolyte)          Turns: 53, Time: 00:00:37

Health: 0/14       AC:  4    Str: 17    XL:     1   Next: 60%
Magic:  2/2        EV:  0    Int: 14    God:    Ignis [*****.]
Gold:   3          SH:  0    Dex:  5    Spells: 2/2 levels left

rFire   + . .        a - -1 mace (flame)
rCold   . . .        (no shield)
rNeg    + . .        b - +0 robe
rPois   ∞            (no helmet)
rElec   +            (no cloak)
rCorr   .            (no gloves)
SInv    .            (no boots)
Will    .....        (no amulet)
Stlth   +            (no ring)
HPRegen 0.22/turn    (no ring)
MPRegen 0.08/turn

%: no passive effects
@: constricted
A: sickness immunity, AC +2, negative energy resistance 1, electricity
resistance, torment resistance 1, petrification resistance
a: Renounce Religion, Fiery Armour, Foxfire Swarm, Rising Flame


You were on level 1 of the Dungeon.
You worshipped Ignis.
Ignis was extremely pleased with you.
You visited 1 branch of the dungeon, and saw 1 of its levels.

You collected 3 gold pieces.

Inventory:

Hand Weapons
 a - a -1 mace of flaming (weapon)
Armour
 b - a +0 robe (worn)


   Skills:
 + Level 3.3 Fighting
 - Level 3.0 Maces & Flails
 + Level 1.1 Spellcasting
 * Level 3.1 Fire Magic


You had 2 spell levels left.
You didn't know any spells.
Your spell library contained the following spells:

 Spells                   Type           Power      Damage    Failure   Level
 Scorch                   Fire           18%        2d5       11%         2


Dungeon Overview and Level Annotations

Branches:
Dungeon (1/15) Zot: 5942

Altars:


Innate Abilities, Weirdness & Mutations

You are immune to sickness and miasma.
Your stone body is resilient. (AC +2)
You are immune to poison.
You resist negative energy. (rN+)
You are resistant to electric shocks. (rElec)
You are resistant to unholy torment.
You are immune to petrification.


Message History

The endoplasm closely misses you.
The ball python bites you but does no damage.
The ball python grabs you. The ball python constricts you.
The bat hits you but does no damage.
You escape the ball python's grasp.
The bat hits you but does no damage. x2
The bat attacks as it pursues you! The bat hits you but does no damage.
The bat closely misses you. The bat misses you.
The bat attacks as it pursues you! The bat hits you but does no damage. x2
There is an open door here.
The bat barely misses you. The bat hits you but does no damage.
You miss the bat. The bat misses you.
You hit the bat. You burn the bat.
You kill the bat!
The bat closely misses you.
The endoplasm hits you but does no damage.
You hit the endoplasm but do no damage. The endoplasm hits you.
You hit the endoplasm. You burn the endoplasm.
The endoplasm is severely wounded.
The endoplasm freezes you.
You are frozen.
* * * LOW HITPOINT WARNING * * *
You don't know any spells.
You hit the endoplasm. You burn the endoplasm.
You kill the endoplasm!
The bat hits you.
* * * LOW HITPOINT WARNING * * *
The bat hits you but does no damage.
You hit the bat. You burn the bat.
The bat is severely wounded.
The bat closely misses you. The bat hits you but does no damage.
The bat closely misses you.
You hit the bat. You burn the bat.
You kill the bat!
The ball python bites you but does no damage.
The ball python barely misses you.
You closely miss the ball python. The ball python bites you.
* * * LOW HITPOINT WARNING * * *
The ball python grabs you. The ball python constricts you.
You die...
Ignis goes out, and joins you in death.

~~. ♣...♣♣♣♣♣ ♣ ~.~~
♣....P♣P♣.♣
≈~~.~♣♣######♣.♣.....♣.♣
~≈≈~.~......#♣.♣♣.⌠....♣
~.~~~.....#.#♣.♣P....♣♣♣
.~~~~.##....#♣.♣♣P.P♣♣
..P.. ##.#.#♣.♣♣♣.♣♣
###. #..S#♣..P.P♣ ..
#.#.#♣@♣♣♣♣♣ ## #...##S#
####...# #..## #+##


You could see a ball python.

Vanquished Creatures
  2 bats (D:1)
  An endoplasm (D:1)
3 creatures vanquished.

Notes
Turn   | Place    | Note
-------+----------+-------------------------------------------
     0 | D:1      | NateTC the Gargoyle Cinder Acolyte began the quest for the
                  | Orb.
     0 | D:1      | Reached XP level 1. HP: 14/14 MP: 2/2
    53 | D:1      | Constricted to death by a ball python

Illustrated notes

Levels and vault maps discovered:
D:1:      psy_arrival_fountain, layout_loops_corners, serial_shops,
          nicolae_shop_statue_plus, serial_bayou_pond_b, minmay_pentomino_x4

Action                     || total
---------------------------++-------
  Melee: Mace              ||    12
 Armour: Robe              ||    37
  Dodge: Dodged            ||    15

Table legend: (Time is in decaauts)
 A = Elapsed time spent in this place.
 B = Non-inter-level travel time spent in this place.
 C = Inter-level travel time spent in this place.
 D = Time resting spent in this place.
 E = Time spent auto-exploring this place.
 F = Levels seen in this place.
 G = Mean time per level.
                   A        B        C        D        E       F      G
               +--------+--------+--------+--------+--------+-----+--------+
         Total |     55 |     55 |      0 |      0 |     28 |   1 |   55.0 |
       Dungeon |     55 |     55 |      0 |      0 |     28 |   1 |   55.0 |
               +--------+--------+--------+--------+--------+-----+--------+

Top non-repeatable levels by time:
     D:1: 55 daAuts
